 Dungeon Sprint DCSS version 0.22.1-1-ga44c0e56f4 (webtiles) character file.

1024 MuseOD the Spear-Bearer (level 8, -5/72 HPs)
             Began as a Merfolk Berserker on Oct 7, 2018.
             Was a Priest of Trog.
             Slain by a tyrant leech (26 damage)
             ... in the Dungeon (Sprint II: "The Violet Keep of Menkaure").
             The game lasted 00:00:43 (239 turns).

MuseOD the Spear-Bearer (Merfolk Berserker)          Turns: 239, Time: 00:00:44

Health: -5/72      AC:  2    Str: 17    XL:     8   Next: 22%
Magic:  8/8        EV: 20    Int:  6    God:    Trog [***...]
Gold:   486        SH:  0    Dex: 14    Spells: 7/7 levels left

rFire    . . .     SeeInvis .   a - +0 spear
rCold    . . .     Gourm    .   (no shield)
rNeg     . . .     Faith    .   b - +0 animal skin
rPois    .         Spirit   .   (no helmet)
rElec    .         Reflect  .   (no cloak)
rCorr    .         Harm     .   (no gloves)
MR       .....     NoTele   +   (no boots)
Stlth    +.........             (no amulet)
HPRegen  0.22/turn              (no ring)
MPRegen  0.11/turn              (no ring)

@: berserk cooldown, slowed, very slow
A: change form in water, swift swim, stealthy swim, weak 1
a: Berserk, Trog's Hand, Renounce Religion


You were in the Dungeon.
You worshipped Trog.
Trog was most pleased with you.
You were hungry.

You visited 1 branch You collected 486 gold pieces.

Inventory:

Hand Weapons
 a - a +0 spear (weapon)
Armour
 b - a +0 animal skin (worn)
Scrolls
 i - a scroll of blinking
Potions
 d - a potion of curing
 e - a potion of heal wounds
 f - a potion of haste
 g - 2 potions of magic
 h - a potion of berserk rage
Comestibles
 c - a ration
 j - 4 chunks of flesh


   Skills:
 + Level 10.2 Fighting
 + Level 12.8 Polearms
 + Level 6.9 Armour
 + Level 11.6 Dodging


You had 7 spell levels left.
You didn't know any spells.
Your spell library was empty.

Dungeon Overview and Level Annotations

Branches:
Dungeon (1/1)

Altars:


Innate Abilities, Weirdness & Mutations

You revert to your normal form in water.
You are very nimble and swift while swimming.
You are very stealthy in the water. (Stealth+)
You are weak. (Str -2)


Message History

You hit the tyrant leech but do no damage.
The tyrant leech is severely wounded.
Attack whom?
Press: ? - help, Dir - move target cursor, f/p - tyrant leech
Aim: a tyrant leech (severely wounded)
You miss the tyrant leech.
The tyrant leech is severely wounded.
The tyrant leech closely misses you.
Attack whom?
Press: ? - help, Dir - move target cursor, f/p - tyrant leech
Aim: a tyrant leech (severely wounded)
You hit the tyrant leech.
The tyrant leech is severely wounded.
Attack whom?
Press: ? - help, Dir - move target cursor, f/p - tyrant leech
Aim: a tyrant leech (severely wounded)
You barely miss the tyrant leech.
The tyrant leech is severely wounded.
The tyrant leech bites you!!
You die...

## ## #.###.#
#.#.### ##
#÷###.##..#
##.###..#..#
+.<.'##.+..#
##@##.#.#....#
#w###.## .....
.#. ### §...
.. .. ≈§. ##$
.## §. ## ## §


You could see a tyrant leech.

Vanquished Creatures
  2 hippogriffs (D)
  A tyrant leech (D)
  4 neqoxecs (D)
7 creatures vanquished.

Vanquished Creatures (others)
  A crocodile (D)
1 creature vanquished.

Grand Total: 8 creatures vanquished

Notes
Turn   | Place    | Note
-------+----------+-------------------------------------------
     0 | D        | MuseOD the Merfolk Berserker began the quest for the Orb.
     0 | D        | Reached XP level 1. HP: 18/18 MP: 1/1
     1 | D        | Noticed a neqoxec
     7 | D        | Killed a neqoxec
     7 | D        | Reached skill level 8 in Polearms
     7 | D        | Reached XP level 2. HP: 28/28 MP: 2/2
     7 | D        | Reached XP level 3. HP: 34/34 MP: 3/3
     7 | D        | Reached XP level 4. HP: 40/40 MP: 4/4
     7 | D        | Reached XP level 5. HP: 46/46 MP: 5/5
    16 | D        | Killed a crocodile
    44 | D        | Noticed a neqoxec
    44 | D        | Noticed a neqoxec
    44 | D        | Noticed a neqoxec
    45 | D        | Gained mutation: You are weak. (Str -2) [a neqoxec]
    53 | D        | Killed a neqoxec
    53 | D        | Reached ** piety under Trog
    53 | D        | Reached skill level 9 in Polearms
    53 | D        | Reached XP level 6. HP: 55/55 MP: 6/6
    60 | D        | Killed a neqoxec
    60 | D        | Reached skill level 10 in Polearms
    60 | D        | Reached skill level 5 in Armour
    70 | D        | Killed a neqoxec
    70 | D        | Reached skill level 11 in Polearms
    70 | D        | Reached skill level 10 in Dodging
    70 | D        | Reached XP level 7. HP: 63/63 MP: 7/7
   144 | D        | Noticed a hippogriff
   144 | D        | Noticed a hippogriff
   151 | D        | Killed a hippogriff
   151 | D        | Reached skill level 12 in Polearms
   159 | D        | Killed a hippogriff
   159 | D        | Reached *** piety under Trog
   159 | D        | Reached XP level 8. HP: 72/72 MP: 8/8
   193 | D        | Noticed a tyrant leech
   193 | D        | Noticed a tyrant leech
   220 | D        | Killed a tyrant leech
   220 | D        | Reached skill level 10 in Fighting
   239 | D        | Slain by a tyrant leech

Skill      XL: |  1  2  3  4  5  6  7  8 |
---------------+-------------------------+-----
Fighting       | 6 7 8 9 10 | 10.2
Polearms       | 8 9 11 12 | 12.8
Armour         | 3 4 5 6 |  6.9
Dodging        | 6 8 10 11 | 11.6

Action                   |  1- 3 |  4- 6 |  7- 9 || total
-------------------------+-------+-------+-------++-------
Melee: Spear             |     5 |    25 |    59 ||    89
Invok: Berserk           |     1 |     1 |     2 ||     4
  Eat: Chunk             |       |       |     1 ||     1
Armor: Animal skin       |       |       |     1 ||     1
Dodge: Dodged            |     1 |     2 |    20 ||    23
